 Dungeon Crawl Stone Soup version 0.30-a0-377-g5cb311bc9f (webtiles) character file.

Game seed: 4287505068937582917

165 bande the Covered (level 5, -1/33 HPs)
             Began as a Gargoyle Fighter on Nov 27, 2022.
             Slain by Duvessa
             ... wielding a +0 rapier
              (5 damage)
             ... on level 4 of the Dungeon.
             The game lasted 00:04:43 (2722 turns).

bande the Covered (Gargoyle Fighter)                Turns: 2722, Time: 00:04:44

Health: -1/33      AC: 14    Str: 19    XL:     5   Next: 46%
Magic:  5/5        EV: 10    Int:  9    God:
Gold:   131        SH:  4    Dex: 11    Spells: 4/4 levels left

rFire   . . .      SeeInvis .    j - +1 war axe (vorpal)
rCold   . . .      Faith    .    c - +0 buckler
rNeg    + . .      Spirit   .    q - +5 ring mail of the Cuttlefish {rCorr Stlth+}
rPois   ∞          Reflect  .    b - +0 hat
rElec   +          Harm     .    (no cloak)
rCorr   +          Rampage  .    (no gloves)
Will    .....                    (no boots)
Stlth   ++........               (no amulet)
HPRegen 0.25/turn                (no ring)
MPRegen 0.09/turn                (no ring)

@: mighty
A: sickness immunity, AC +4, negative energy resistance 1, electricity
resistance, torment resistance 1, petrification resistance
a: no special abilities


You were on level 4 of the Dungeon.
You visited 1 branch of the dungeon, and saw 4 of its levels.

You collected 131 gold pieces.

Inventory:

Hand Weapons
 a - a +1 war axe
 j - a +1 vorpal war axe (weapon)
Armour
 b - a +0 hat (worn)
 c - a +0 buckler (worn)
 q - the +5 ring mail of the Cuttlefish (worn) {rCorr Stlth+}
   (You found it on level 3 of the Dungeon)

   rCorr:     It protects you from acid and corrosion.
   Stlth:     It makes you more stealthy.
Scrolls
 i - a scroll of identify
 l - a scroll of teleportation
Potions
 d - a potion of might
 e - 2 potions of flight {unknown}
 f - 4 potions of degeneration {unknown}
 g - a potion of mutation {unknown}
 h - a potion of heal wounds {unknown}
 k - 2 potions of cancellation
 m - a potion of berserk rage {unknown}


   Skills:
 + Level 3.9 Fighting
 + Level 3.6 Axes
 + Level 4.1 Armour
 + Level 4.0 Shields


You had 4 spell levels left.
You didn't know any spells.
Your spell library contained the following spells:

 Spells                   Type           Power      Damage    Failure   Level
 Summon Small Mammal      Summ           0%         N/A       65%         1
 Gell's Gravitas          Tloc           0%         N/A       95%         3
 Lesser Beckoning         Tloc           0%         N/A       95%         3
 Teleport Other           Tloc           0%         N/A       95%         3
 Animate Armour           Summ/Erth      0%         N/A       100%        4
 Simulacrum               Ice/Necr       0%         N/A       100%        6
 Haunt                    Necr/Summ      0%         N/A       100%        7


Dungeon Overview and Level Annotations

Branches:
Dungeon (4/15)
 Temple: D:4-7

Altars:
Elyvilon

Shops:
D:1 [

Annotations:
D:4 Dowan, Duvessa


Innate Abilities, Weirdness & Mutations

You are immune to sickness and miasma.
Your stone body is resilient. (AC +4)
You are immune to poison.
You resist negative energy. (rN+)
You are resistant to electric shocks. (rElec)
You are resistant to unholy torment.
You are immune to petrification.


Message History

You completely miss Dowan. Duvessa hits you with a +0 rapier.
Dowan hits you with a +0 dagger of venom.
Unknown command.
You barely miss Duvessa.
Duvessa is heavily wounded.
You hit Dowan.
Duvessa says, "My weaknesses are his strengths!"
Duvessa hits you with a +0 rapier. You block Dowan's attack.
Dowan closely misses you. Duvessa hits you with a +0 rapier!
Unknown command.
You hit Duvessa.
Duvessa is heavily wounded.
You closely miss Dowan. Duvessa hits you with a +0 rapier.
* * * LOW HITPOINT WARNING * * *
Dowan hits you but does no damage.
Unknown command.
You hit Duvessa but do no damage.
Duvessa is heavily wounded.
You closely miss Dowan. Duvessa barely misses you. Dowan misses you.
Unknown command.
You closely miss Duvessa.
Duvessa is heavily wounded.
You closely miss Dowan. Duvessa barely misses you. Dowan casts a spell at you.
You resist with some effort. Dowan hits you but does no damage.
Duvessa hits you with a +0 rapier.
* * * LOW HITPOINT WARNING * * *
You feel very mighty all of a sudden. Duvessa closely misses you.
Dowan hits you but does no damage.
Unknown command.
You hit Duvessa.
Duvessa is severely wounded.
You closely miss Dowan. You block Duvessa's attack.
Dowan hits you with a +0 dagger of venom.
* * * LOW HITPOINT WARNING * * *
Unknown command.
You barely miss Duvessa.
Duvessa is severely wounded.
You closely miss Dowan. Duvessa hits you with a +0 rapier.
You die...

....###..........#...........
...†# #..........#...........
....# ###....................
....# #.#######[...........
....# ##.# #............
....# #..# #.###....####
....# #..##+#+##.###.#..####
....## #..#⌠....#.##........#
.....###..#8...e@.##.....##.#
......##..#⌠...e#..<...#.# .
....#.##..#######..##....#
....#..............###.....#
....##.#...###.....# ####.#
....##...#####..#### ..
....####..# #..## ....#
##.###.## ....# #..>..#


You could see Duvessa and Dowan (strong).

Vanquished Creatures
  Blork the orc (D:4)
  3 adders
  3 dart slugs
  An orc (D:4)
  3 ball pythons
  7 endoplasms
  4 giant cockroaches
  5 goblins
  7 hobgoblins
  6 kobolds
  2 quokkas (D:1)
  6 bats
  A frilled lizard (D:3)
  10 rats
59 creatures vanquished.

Notes
Turn   | Place    | Note
-------+----------+-------------------------------------------
     0 | D:1      | bande the Gargoyle Fighter began the quest for the Orb.
     0 | D:1      | Reached XP level 1. HP: 14/14 MP: 1/1
    70 | D:1      | Found Kuxutz's Armour Boutique.
    82 | D:1      | Reached XP level 2. HP: 16/19 MP: 2/2
   523 | D:1      | Reached XP level 3. HP: 23/23 MP: 3/3
  1200 | D:2      | Got the Excursus on Creative Cold
  1746 | D:3      | Reached XP level 4. HP: 28/28 MP: 4/4
  1775 | D:3      | Identified the +5 ring mail of the Cuttlefish {rCorr
                  | Stlth+}
  1962 | D:3      | Found a white marble altar of Elyvilon.
  2578 | D:4      | Noticed Blork the orc
  2590 | D:4      | Killed Blork the orc
  2591 | D:4      | Reached XP level 5. HP: 25/33 MP: 5/5
  2709 | D:4      | Noticed Duvessa
  2709 | D:4      | Noticed Dowan
  2722 | D:4      | Slain by Duvessa

Illustrated notes

Levels and vault maps discovered:
D:1:      minmay_arrival_stone_box, layout_basic, serial_shops,
          nicolae_shop_temple_entry_statues_fountains
D:2:      layout_basic
D:3:      layout_basic, lemuel_tele_altar
D:4:      dreamdust_elfheim, layout_basic, minmay_temple_entry_offerings,
          serial_bayou_lagoon_b, uniq_blork_the_orc

Skill      XL: |  1  2  3  4 |
---------------+-------------+-----
Axes           | 2 3 |  3.6
Armour         | 4 |  4.1
Shields        | 4 |  4.0
Fighting       | |  3.9

Action                   |  1- 3 |  4- 6 || total
-------------------------+-------+-------++-------
Melee: War axe           |   126 |    70 ||   196
  Use: Scroll            |       |     8 ||     8
       Potion            |       |     1 ||     1
 Stab: Sleeping          |       |     1 ||     1
Armor: Scale mail        |    85 |     1 ||    86
       Ring mail         |       |    46 ||    46
Dodge: Dodged            |    53 |    34 ||    87
Block: Buckler           |    22 |    14 ||    36

Table legend: (Time is in decaauts)
 A = Elapsed time spent in this place.
 B = Non-inter-level travel time spent in this place.
 C = Inter-level travel time spent in this place.
 D = Time resting spent in this place.
 E = Time spent auto-exploring this place.
 F = Levels seen in this place.
 G = Mean time per level.
                   A        B        C        D        E       F      G
               +--------+--------+--------+--------+--------+-----+--------+
         Total |   2802 |   2753 |     49 |    190 |   1960 |   4 |  700.5 |
       Dungeon |   2802 |   2753 |     49 |    190 |   1960 |   4 |  700.5 |
               +--------+--------+--------+--------+--------+-----+--------+

Top non-repeatable levels by time:
     D:1: 1103 daAuts
     D:3: 842 daAuts
     D:2: 688 daAuts
     D:4: 168 daAuts
